AoeStats
← yanyang

Arena

510546259Analyzed
2v2 RM · 2d ago on Oct 1, 2026· 33m 40s· 4 players
Game mode
Random Map
Map size
Medium (4 player)
Population
200
Speed
Normal
Resources
Standard
Victory
Conquest
Starting age
Dark Age
Ending age
Imperial Age
RankedLock teamsTeams togetherTeam positionsShared explorationLock speedFull tech treeHidden civsTurbo modeCheats
Victory
Defeat
🇨🇳 Poles · China
1137
+18
🇨🇳 Italians · China
1129
+18
🇮🇳 Mongols · India
1181
-18
🇮🇳 Varangians · India
1178
-18
yuyuyu
11:30 Feudal Age
12:35 Feudal Age
11:30 Loom
17:08 Castle Age
15:42 Double-Bit Axe
15:39 Horse Collar
22:27 Imperial Age
22:57 Masonry
24:14 Chemistry
24:23 Padded Archer Armor
26:22 Bow Saw
26:13 Fletching
26:40 Leather Archer Armor
28:24 Bodkin Arrow
yanyang
11:20 Feudal Age
15:33 Castle Age
14:06 Gold Mining
14:08 Double-Bit Axe
17:06 Loom
17:36 Bow Saw
20:17 Scale Barding Armor
25:12 Husbandry
25:55 Chain Barding Armor
26:40 Forging
27:29 Horse Collar
28:14 Bloodlines
30:26 Iron Casting
ANGELSK3956
10:53 Feudal Age
15:03 Castle Age
13:00 Double-Bit Axe
13:26 Horse Collar
17:34 Castle Age
16:33 Gold Mining
17:18 Loom
18:51 Forging
18:47 Scale Barding Armor
21:45 Wheelbarrow
27:20 Town Watch
28:07 Bloodlines
30:18 Chain Barding Armor
32:53 Iron Casting
32:27 Husbandry
Sythe
10:31 Feudal Age
14:48 Castle Age
13:30 Double-Bit Axe
13:54 Horse Collar
15:40 Wheelbarrow
15:51 Padded Archer Armor
21:05 Bloodlines
29:24 Imperial Age
26:55 Fletching
28:09 Elite Skirmisher
30:55 Bodkin Arrow
31:15 Leather Archer Armor
31:13 Husbandry
30:34 Light Cavalry
31:13 Capped Ram
32:38 Bracer
Connection lost

Rejoining the realm…

Still unreachable

The connection could not be restored.

Session expired

The server has moved on; the page needs a fresh start.